 Dungeon Crawl Stone Soup version 0.31-a0-1570-g93c622d222 (webtiles) character file.

Game seed: 14661275858920023107

8886 Aldia the Summoner (level 11, -2/56 HPs)
             Began as a Felid Summoner on Jan 3, 2024.
             Was a Believer of Kikubaaqudgha.
             Slain by a manticore (13 damage)
             ... on level 9 of the Dungeon.
             The game lasted 00:41:13 (10523 turns).

Aldia the Summoner (Felid Summoner)                Turns: 10523, Time: 00:41:14

Health: -2/56      AC:  6    Str:  4    XL:     11   Next: 15%
Magic:  11/23      EV: 21    Int: 23    God:    Kikubaaqudgha [**....]
Gold:   589        SH:  0    Dex: 17    Spells: 4/25 levels left
                                        Lives:  0   Deaths: 4

rFire   . . .        (weapon unavailable)
rCold   . . .        (shield unavailable)
rNeg    . . .        (body armour unavailable)
rPois   .            (helmet unavailable)
rElec   .            (cloak unavailable)
rCorr   .            (gloves unavailable)
SInv    +            (boots unavailable)
Will    ++...        m - amulet of regeneration
Stlth   ++           f - +4 ring of protection
HPRegen 1.09/turn    g - ring of willpower
MPRegen 0.18/turn

%: no passive effects
@: inugami summoned
A: very small, claws 1, fangs 3, see invisible, shaggy fur 2, stealthy paws, no
weapons or thrown items, no armour, multi-lived
a: Renounce Religion, Unearth Wretches


You were on level 9 of the Dungeon.
You worshipped Kikubaaqudgha.
Kikubaaqudgha was pleased with you.
You visited 2 branches of the dungeon, and saw 10 of its levels.

You collected 589 gold pieces.

Inventory:

Jewellery
 f - a +4 ring of protection (left paw)
 g - a ring of willpower (right paw)
 m - an amulet of regeneration (around neck)
 x - a ring of resist corrosion
Wands
 j - a wand of flame (9)
 l - a wand of polymorph (9)
 q - a wand of digging (1)
 u - a wand of paralysis (5)
Scrolls
 d - a scroll of butterflies
 n - a scroll of poison
 w - a scroll of blinking
 y - a scroll of vulnerability {unknown}
Potions
 a - a potion of magic
 b - 2 potions of attraction
 c - a potion of heal wounds
 e - 3 potions of mutation
 h - 2 potions of curing
 i - 2 potions of might
 k - a potion of cancellation
 o - a potion of invisibility
 p - a potion of berserk rage
 r - 2 potions of haste
 s - a potion of brilliance {unknown}
 t - a potion of enlightenment
 v - a potion of ambrosia


   Skills:
 + Level 6.2 Fighting
 + Level 6.9 Dodging
 - Level 2.6 Stealth
 + Level 7.9 Spellcasting
 + Level 9.3 Summonings
 + Level 3.8 Necromancy
 - Level 5.0 Fire Magic
 - Level 5.0 Air Magic
 - Level 5.0 Evocations


You had 4 spell levels left.
You knew the following spells:

 Your Spells              Type           Power      Damage    Failure   Level
b - Call Imp              Summ           100%       N/A       1%          2
c - Call Canine Familiar  Summ           51%        N/A       1%          3
d - Summon Blazeheart Go  Fire/Summ      42%        N/A       3%          4
e - Summon Lightning Spi  Summ/Air       42%        N/A       3%          4
f - Animate Dead          Necr           26%        N/A       14%         4
g - Martyr's Knell        Necr/Summ      39%        N/A       4%          4

Your spell library contained the following spells:

 Spells                   Type           Power      Damage    Failure   Level
 Necrotise                Necr           100%       1d9       1%          1
 Summon Small Mammal      Summ           100%       N/A       1%          1
 Kiss of Death            Conj/Necr      68%        2d10      3%          1
 Mercury Vapours          Alch/Air       40%        N/A       3%          2
 Vampiric Draining        Necr           26%        2d7       4%          3
 Sting                    Conj/Alch      36%        1d5       7%          1
 Jinxbite                 Hex            18%        N/A       11%         2
 Sigil of Binding         Hex            9%         N/A       22%         3
 Olgreb's Toxic Radiance  Alch           9%         N/A       56%         4
 Curse of Agony           Necr           26%        N/A       38%         5
 Yara's Violent Unravell  Hex/Alch       4%         3d4       89%         5
 Enfeeble                 Hex            4%         N/A       100%        7
 Ozocubu's Refrigeration  Ice            4%         4d8       100%        7
 Discord                  Hex            4%         N/A       100%        8
 Dimensional Bullseye     Hex/Tloc       Unusable   N/A       N/A         4

Dungeon Overview and Level Annotations

Branches:
Dungeon (9/15)             Temple (1/1) D:6
   Lair: D:8-11         Orc: D:9-12

Altars:
Ashenzari
Cheibriados
Dithmenos
Elyvilon
Fedhas
Gozag
Hepliaklqana
Kikubaaqudgha
Makhleb
Nemelex Xobeh
Okawaru
Qazlal
Ru
Sif Muna
Trog
Uskayaw
Vehumet
Xom
Yredelemnul
Zin
The Shining One

Shops:
D:3 (

Annotations:
D:3 1 runed translucent door, Crazy Yiuf


Innate Abilities, Weirdness & Mutations

You have sharp claws.
You have razor-sharp teeth.
You have supernaturally acute eyesight. (SInv)
You are covered in thick fur. (AC +2)
Your paws help you pounce on unaware monsters.
You are incapable of wielding weapons or throwing items.
You cannot wear armour.
You gain extra lives every three experience levels.


Message History

The manticore closely misses you. The manticore claws you.
The wyvern barely misses you.
Your inugami hits the wyvern but does no damage.
Your lightning spire shoots out a bolt of lightning at the manticore!
The bolt of electricity hits the manticore!
The wyvern misses you.
The manticore flicks its tail.
The volley of spikes skewers your lightning spire.
Your inugami hits the wyvern.
Unknown command.
Casting: Summon Lightning Spire (dangerous; 3% risk of failure)
Confirm with . or Enter, or press ? or * to list all spells.
You call forth a shade to shield your allies.
The wyvern completely misses you.
The manticore flicks its tail.
The volley of spikes skewers your lightning spire.
Your inugami closely misses the wyvern.
The wyvern barely misses you.
Unknown command.
You pounce on the helpless manticore from behind!
You scratch the manticore.
The manticore is almost dead.
The wyvern bites you! The manticore barely misses you.
The manticore claws you but does no damage.
The manticore misses you.
Your inugami hits the wyvern!
Unknown command.
You scratch the manticore but do no damage.
The manticore is almost dead.
The wyvern bites you! The manticore barely misses you.
The manticore claws you! x2
* * * LOW HITPOINT WARNING * * *
Your inugami hits the wyvern. The wyvern closely misses you.
You are too injured to fight recklessly!
Unknown command.
You are too injured to fight recklessly!
You are too injured to fight recklessly!
You completely miss the wyvern.
The wyvern is almost dead.
The wyvern bites you but does no damage.
The manticore bites you!
You die...
Kikubaaqudgha rasps: "You have failed me!
Welcome... death!"

.....####.........)..##
####..#.)..........(..#
###................†###
.........#...#.....)#
......###..###......#
#.....#
################
#..)..# #....8.#.?....#
......# ###.....).....#
.....####.##....@....##
........#..##.WHk...##
.##.......#.##...h.##
###.......#..##...##
.#.<......#...##.##
..........#.####'####
............#.......#
...#......#.#.⌠...⌠.#
...#......###....§○.###


You could see a manticore (ally target), a wyvern, a friendly lightning spire
(summoned, sheltered, skewered), a friendly martyred shade (summoned) and a
friendly inugami (summoned, sheltered).

Vanquished Creatures
  Maurice (D:9)
  4 trolls (D:9)
  A glass eye (D:9)
  7 yaks (D:9)
  A wyvern (D:9)
  A water moccasin (D:5)
  2 orc warriors (D:9)
  A wight (D:8)
  An orc wizard (D:9)
  An adder (D:3)
  A dart slug (D:4)
  An endoplasm (D:4)
  3 giant cockroaches
  3 goblins
  2 hobgoblins (D:2)
  A jackal (D:1)
  4 kobolds
  A quokka (D:5)
  2 ball pythons (D:4)
  4 bats
  2 frilled lizards
  4 rats
48 creatures vanquished.

Vanquished Creatures (collateral kills)
  A cyclops (D:9)
  The ghost of jejorda2 the Chopper, a novice GnBe of Trog (D:5)
  Sigmund (D:3)
  Eustachio (D:5)
  2 wraiths (D:9)
  2 wyverns
  A yak (D:9)
  A steam dragon (D:8)
  An acid dragon (D:9)
  A water moccasin (D:6)
  Duvessa (D:6)
  2 orc warriors
  4 black bears
  A centaur (D:9)
  3 phantoms
  5 kobold brigands
  7 bullfrogs
  2 gnoll sergeants (D:9)
  3 scorpions
  10 wights
  Dowan (D:6)
  4 howler monkeys
  3 bombardier beetles
  A jelly (D:6)
  3 hounds (D:4)
  3 gnoll boudas
  2 orc priests
  Ijyb (D:3)
  2 iguanas
  7 orc wizards
  Natasha (thrice) (D:3)
  Robin (D:3)
  9 adders
  14 gnolls
  A shadow imp (D:4)
  2 ufetubi (D:6)
  2 dart slugs
  15 orcs
  2 ball pythons
  A bat (D:1)
  7 endoplasms
  A giant cockroach (D:4)
  12 goblins
  6 hobgoblins
  6 jackals (D:1)
  18 kobolds
  A quokka (D:3)
  2 rats (D:1)
180 creatures vanquished.

Vanquished Creatures (others)
  A bullfrog (D:8)
  A howler monkey (D:8)
  An orc wizard (D:9)
  16 blazeheart cores
19 creatures vanquished.

Grand Total: 247 creatures vanquished

Notes
Turn   | Place    | Note
-------+----------+-------------------------------------------
     0 | D:1      | Aldia the Felid Summoner began the quest for the Orb.
     0 | D:1      | Reached XP level 1. HP: 9/9 MP: 4/4
   102 | D:1      | Reached XP level 2. HP: 13/13 MP: 3/6
   138 | D:1      | Learned a level 2 spell: Call Imp
   670 | D:1      | Reached XP level 3. HP: 16/16 MP: 8/8
   674 | D:1      | Learned a level 3 spell: Call Canine Familiar
  1654 | D:2      | Reached XP level 4. HP: 21/21 MP: 6/9
  1654 | D:2      | Gained a life (2 lives remaining)
  2131 | D:3      | Noticed Ijyb
  2152 | D:3      | Killed Ijyb
  2153 | D:3      | Reached skill level 5 in Summonings
  2306 | D:3      | Found a broken altar of Ashenzari.
  2376 | D:3      | Reached XP level 5. HP: 18/24 MP: 0/11
  2377 | D:3      | Reached skill level 1 in Evocations
  2380 | D:3      | Noticed Sigmund
  2388 | D:3      | Slain by a gnoll
  2388 | D:3      | Lost a life (1 life remaining)
  2445 | D:3      | Noticed Natasha
  2450 | D:3      | Noticed Robin
  2458 | D:3      | Killed Natasha
  2467 | D:3      | Killed Robin
  2603 | D:3      | Noticed Natasha
  2635 | D:3      | Killed Sigmund
  2636 | D:3      | Gained mutation: You are covered in thick fur. (AC +2)
                  | [Felid growth]
  2636 | D:3      | Reached XP level 6. HP: 9/28 MP: 2/13
  2641 | D:3      | Killed Natasha
  2753 | D:3      | Noticed Natasha
  2761 | D:3      | Killed Natasha
  2762 | D:3      | Reached skill level 6 in Summonings
  2767 | D:3      | Learned a level 4 spell: Summon Blazeheart Golem
  2854 | D:4      | Found an iron altar of Okawaru.
  2975 | D:3      | Found Meisat's Antique Weapon Boutique.
  3333 | D:3      | Found a runed translucent door.
  3334 | D:3      | Noticed Crazy Yiuf
  3425 | D:4      | Reached skill level 1 in Fire Magic
  3425 | D:4      | Reached XP level 7. HP: 32/32 MP: 12/15
  3425 | D:4      | Gained a life (2 lives remaining)
  3575 | D:4      | Noticed a wyvern
  3586 | D:4      | Killed a wyvern
  3793 | D:4      | Reached skill level 5 in Spellcasting
  4502 | D:5      | Entered Level 5 of the Dungeon
  4602 | D:5      | Found a runed translucent gate.
  4602 | D:5      | Found a runed translucent gate.
  4606 | D:5      | Noticed jejorda2's ghost (novice GnBe)
  4681 | D:5      | Reached XP level 8. HP: 36/36 MP: 13/16
  4686 | D:5      | Learned a level 4 spell: Summon Lightning Spire
  4874 | D:5      | Noticed Eustachio
  4927 | D:5      | Killed Eustachio
  4928 | D:5      | Reached skill level 1 in Fighting
  5117 | D:5      | Reached skill level 7 in Summonings
  5217 | D:5      | Found a runed translucent gate.
  5290 | D:5      | Found a snail-covered altar of Cheibriados.
  5527 | D:5      | Found a shimmering altar of Xom.
  5644 | D:6      | Noticed Dowan
  5645 | D:6      | Noticed Duvessa
  5703 | D:6      | Reached skill level 5 in Evocations
  5710 | D:6      | Found a glowing silver altar of Zin.
  5783 | D:6      | Reached skill level 1 in Air Magic
  6120 | D:6      | Reached XP level 9. HP: 43/43 MP: 16/18
  6195 | D:5      | Killed jejorda2's ghost
  6322 | D:6      | Found an opulent altar of Gozag.
  6484 | D:6      | Killed Dowan
  6486 | D:6      | Killed Duvessa
  6490 | D:6      | Found an ancient bone altar of Kikubaaqudgha.
  6770 | D:6      | Found a staircase to the Ecumenical Temple.
  6789 | Temple   | Entered the Ecumenical Temple
  6968 | D:6      | Became a worshipper of Kikubaaqudgha
  7083 | D:7      | Reached skill level 5 in Fire Magic
  7257 | D:7      | Found a radiant altar of Vehumet.
  7269 | D:7      | Reached skill level 8 in Summonings
  8355 | D:8      | Reached * piety under Kikubaaqudgha
  8355 | D:8      | Received a gift from Kikubaaqudgha
  8391 | D:8      | Learned a level 4 spell: Animate Dead
  8543 | D:8      | Found a blossoming altar of Fedhas.
  8543 | D:8      | Found a sparkling altar of Nemelex Xobeh.
  8693 | D:8      | Reached XP level 10. HP: 51/51 MP: 16/21
  8704 | D:8      | Learned a level 4 spell: Martyr's Knell
  9146 | D:9      | Reached skill level 1 in Necromancy
  9171 | D:9      | Noticed Maurice
  9223 | D:9      | Killed Maurice
  9224 | D:9      | Reached skill level 5 in Fighting
  9266 | D:9      | Found a white marble altar of Elyvilon.
  9320 | D:9      | Reached skill level 5 in Dodging
  9847 | D:9      | Reached skill level 9 in Summonings
  9949 | D:9      | Noticed a cyclops
  9973 | D:9      | Killed a cyclops
  9985 | D:9      | Succumbed to a gnoll sergeant's poison
  9985 | D:9      | Lost a life (1 life remaining)
 10146 | D:9      | Reached XP level 11. HP: 56/56 MP: 19/23
 10146 | D:9      | Gained a life (2 lives remaining)
 10191 | D:9      | Reached ** piety under Kikubaaqudgha
 10339 | D:9      | Reached skill level 5 in Air Magic
 10444 | D:9      | Noticed a centaur warrior
 10493 | D:9      | Shot with an arrow by a centaur warrior
 10493 | D:9      | Lost a life (1 life remaining)
 10504 | D:9      | Slain by a wyvern
 10504 | D:9      | Lost a life (0 lives remaining)
 10523 | D:9      | Slain by a manticore

Illustrated notes

Levels and vault maps discovered:
D:1:      lemuel_arrival_muddy, layout_basic, chequers_serial_rivers_micro_a,
          supply_closet_lemuel, nicolae_twisty_statue_hallways
D:2:      layout_loops_corners
D:3:      layout_loops_cross, lemuel_doored_altar, serial_shops,
          nicolae_diamond_shop, uniq_natasha, uniq_ijyb, uniq_robin,
          uniq_sigmund, uniq_crazy_yiuf_cottage
D:4:      layout_loops_ring, mainiacjoe_overflow_cross_hatched,
          chequers_hall_statues_corner_a, hangedman_decor_riveting
D:5:      layout_loops_ring, regret_index_xom_buried_treasure,
          nicolae_overflow_hidden_temple, gammafunk_ghost_split, uniq_eustachio
D:6:      layout_cave_pools, pdpol_temple_overflow_zin_treasury_gozag_greed,
          nicolae_overflow_crystal_walls, minmay_temple_entry_antechambers,
          uniq_duvessa
D:7:      layout_basic, nicolae_vehumet_radiance
D:8:      layout_loops_ring, grunt_temple_overflow_open,
          chequers_serial_rivers_large_a
D:9:      minmay_chambers_of_sevens, layout_cave_pools, elyvilon_altar_4,
          onia_ninara_cookie, uniq_maurice
Temple:   nicolae_temple_bog_church

Skill      XL: |  1  2  3  4  5  6  7  8  9 10 11 |
---------------+----------------------------------+-----
Spellcasting   | 3 4 5 6 7 |  7.9
Summonings     | 5 6 7 8 9 |  9.3
Evocations     | 2 3 4 5 |  5.0
Fire Magic     | 1 3 4 5 |  5.0
Fighting       | 2 4 6 |  6.2
Air Magic      | 1 3 4 5 |  5.0
Dodging        | 4 6 |  6.9
Necromancy     | 3 |  3.8
Stealth        | |  2.6

Action                     |  1- 3 |  4- 6 |  7- 9 | 10-12 || total
---------------------------+-------+-------+-------+-------++-------
  Melee: Unarmed           |    46 |    37 |    69 |    65 ||   217
         Bite              |     4 |     4 |     8 |    12 ||    28
         Punch             |       |       |     2 |     3 ||     5
   Cast: Summon Small Mamm |    15 |    12 |    19 |       ||    46
         Call Imp          |     9 |    11 |    36 |     7 ||    63
         Call Canine Famil |     2 |    13 |    49 |    18 ||    82
         Summon Blazeheart |       |       |     8 |    19 ||    27
         Summon Lightning  |       |       |       |    10 ||    10
         Martyr's Knell    |       |       |       |     4 ||     4
         Animate Dead      |       |       |       |     1 ||     1
  Evoke: Wand              |       |       |       |     9 ||     9
    Use: Scroll            |       |     6 |    10 |     5 ||    21
         Potion            |       |     2 |       |     1 ||     3
   Stab: Distracted        |     1 |       |     1 |     2 ||     4
         Sleeping          |     4 |     1 |     2 |       ||     7
         Paralysed         |       |       |       |    12 ||    12
 Armour: Skin              |    26 |    29 |    57 |    77 ||   189
  Dodge: Dodged            |    58 |    47 |   118 |   112 ||   335

Table legend: (Time is in decaauts)
 A = Elapsed time spent in this place.
 B = Non-inter-level travel time spent in this place.
 C = Inter-level travel time spent in this place.
 D = Time resting spent in this place.
 E = Time spent auto-exploring this place.
 F = Levels seen in this place.
 G = Mean time per level.
                   A        B        C        D        E       F      G
               +--------+--------+--------+--------+--------+-----+--------+
         Total |  10564 |  10063 |    501 |    159 |   7094 |  10 | 1056.4 |
       Dungeon |  10562 |  10061 |    501 |    159 |   7094 |   9 | 1173.6 |
        Temple |      1 |      1 |      0 |      0 |      0 |   1 |    1.0 |
               +--------+--------+--------+--------+--------+-----+--------+

Top non-repeatable levels by time:
     D:9: 1417 daAuts
     D:5: 1291 daAuts
     D:6: 1224 daAuts
     D:4: 1165 daAuts
     D:3: 1148 daAuts
     D:1: 1112 daAuts
     D:2: 1093 daAuts
     D:7: 1056 daAuts
     D:8: 1053 daAuts
  Temple: 1 daAuts
